cohdb
Replays
Latest Replays
All Replays
Popular Replays
Top Player Replays
Match Explorer
How It Works
Community
CoH3 Stats
Reddit
Sign in to upload your games and track your stats! →
Sign in with Steam
Match 43815795
Unlisted
Match 43815795
Overview
Messages
Build Orders
End
Construct Infanterie Kompanie
Pioneer Squad
Sniper
Selects Breakthrough Battlegroup
Selects Assault Grenadiers
MG 42 Machine Gun Team
GrW 34 Mortar Team
GrW 34 Mortar Team
Medical Station
Construct Panzergrenadier Kompanie
251 Medium Carrier
Panzergrenadier Squad
Selects Rapid Production
Selects Smoke Bombing Run
Kettenkrad Recon Vehicle
Support Elements
Pak 40 Anti-tank Gun Team
Selects Incendiary Bombing Run
StuG III G Assault Gun
Pak 40 Anti-tank Gun Team
Nebelwerfer 42 Rocket Launcher Team
StuG III G Assault Gun
StuG III G Assault Gun
Selects Blitzkrieg
Panzergrenadier Squad
Pioneer Squad
Selects Panzer IV Command Tank Sd.Kfz. 161/1
Armordillo
Weissweinschorle - Das Original
LegendPistachios
剩者为王
An.Ritter
JT
0
0
Comments
sign in to comment!
No comments posted yet!